 Dungeon Crawl Stone Soup version 0.21-a0-584-g185da8e (webtiles) character file.

1852 ninurtach the Cleaver (level 8, -12/71 HPs)
             Began as a Minotaur Fighter on Dec 20, 2017.
             Was a Priest of Okawaru.
             Killed from afar by a raiju (17 damage)
             ... with a living lightning
             ... on level 1 of the Abyss.
             The game lasted 00:12:01 (5721 turns).

ninurtach the Cleaver (Minotaur Fighter)            Turns: 5721, Time: 00:12:02

Health: -12/71     AC: 13    Str: 22    XL:     8   Next: 88%
Magic:  7/7        EV: 10    Int:  5    God:    Okawaru [***...]
Gold:   259        SH:  5    Dex: 11    Spells: 7/7 levels left

rFire    . . .     SeeInvis .   F - +2 mace (holy)
rCold    . . .     Gourm    .   u - +1 buckler {AC+3}
rNeg     . . .     Faith    .   b - +0 scale mail
rPois    .         Spirit   .   (helmet restricted)
rElec    .         Reflect  .   (no cloak)
rCorr    .         Harm     .   l - +2 pair of gloves
MR       .....                  (no boots)
Stlth    ..........             j - amulet of magic regeneration
HPRegen  0.21/turn              (no ring)
MPRegen  0.35/turn              (no ring)

@: very slightly contaminated, heavily drained, invisible
A: retaliatory headbutt, horns 2
a: Heroism, Renounce Religion


You were on level 1 of the Abyss.
You worshipped Okawaru.
Okawaru was most pleased with you.
You were not hungry.

You visited 1 branch of the dungeon, and saw 6 of its levels.
You visited the Abyss 1 time.
You also visited: Ossuary.

You collected 259 gold pieces.

Inventory:

Hand Weapons
 a - a +1 war axe
 F - a +2 mace of holy wrath (weapon)
 G - the +0 mace of Subterfuge {freeze, MP+9}
   (You found it on level 6 of the Dungeon)

   It has been specially enchanted to freeze those struck by it, causing extra
   injury to most foes and up to half again as much damage against particularly
   susceptible opponents.
   It can also slow down cold-blooded creatures.
   It affects your magic capacity (+9).
Armour
 b - a +0 scale mail (worn)
 c - a +0 shield
 l - a +2 pair of gloves (worn)
 u - a +1 buckler of protection (worn)
 H - a cursed +0 ring mail
Jewellery
 e - the cursed ring "Iwaed Gal" {rC+ EV-3 Slay+3, unknown}
   (You found it on level 1 of the Abyss)

   [ring of evasion]

   It affects your evasion (-3).
   It affects your accuracy and damage with ranged weapons and melee attacks
   (+3).
   It protects you from cold.
   It has a curse placed upon it.
 j - an amulet of magic regeneration (around neck)
Wands
 d - a wand of polymorph (7)
 x - a wand of iceblast (6)
 y - a wand of disintegration (13)
Scrolls
 g - a scroll of remove curse
 i - 3 scrolls of enchant weapon
 k - 3 scrolls of magic mapping
 n - 2 scrolls of blinking {unknown}
 o - 2 scrolls of fear {unknown}
 q - 4 scrolls of teleportation {unknown}
 r - a scroll of enchant armour {unknown}
 v - a scroll of noise {unknown}
 w - a scroll of silence {unknown}
 B - 3 scrolls of random uselessness {unknown}
 C - 2 scrolls of holy word {unknown}
Potions
 h - a potion of flight {unknown}
 s - 3 potions of mutation
 t - 3 potions of brilliance
 z - a potion of resistance
 A - 5 potions of curing
 D - 2 potions of ambrosia {unknown}
Comestibles
 f - 13 rations
 E - 5 chunks of flesh


   Skills:
 * Level 6.8(4.7) Fighting
 - Level 10.2(7.9) Axes
 + Level 6.4(4.3) Armour
 + Level 4.6(2.7) Dodging
 - Level 3.6(1.7) Shields


You had 7 spell levels left.
You didn't know any spells.

Dungeon Overview and Level Annotations

Branches:
Dungeon (6/15)             Temple (0/1) D:6

Altars:
Ashenzari
Elyvilon
Hepliaklqana
Okawaru
Xom

Annotations:
D:3 1 runed door
D:6 Crazy Yiuf


Innate Abilities, Weirdness & Mutations

You reflexively headbutt those who attack you in melee.
You have a pair of horns on your head.


Message History

The revenant hits you but does no damage.
You feel much better. The revenant closely misses you.
You regained 18 hp, and now have 33/71 hp.
The revenant lashes out with ghostly flames.
The ghostly flame explodes!
The ghostly fireball engulfs you!
You feel drained.
* * * LOW HITPOINT WARNING * * *
You hear a bark!
You take 13 damage, and have 20/71 hp.
You feel much better.
You regained 26 hp, and now have 46/71 hp.
The revenant lashes out with ghostly flames.
The ghostly flame explodes!
The ghostly fireball engulfs you!
You feel drained.
Ouch! That really hurt!
* * * LOW HITPOINT WARNING * * *
You take 43 damage, and have 4/71 hp.
MASSIVE DAMAGE!!
A raiju comes into view.
Spoiler Alert: The raiju is fast and can Lightning Bolt itself at you!
The raiju bursts into living lightning!
The living lightning hits you!
You die...

#.#
.#.#.#####
###..#... #
#..#.# ..#
# ##.####
## #.
#.##.## ##
.
##L...h...#
##
#..#.##.h.#
##...# # #.
#@#### ##
#.## # #
#.. # # .
...# ##..
##. . #


You could see a revenant and a raiju.

Vanquished Creatures
  A worldbinder (Abyss:1)
  Sigmund (D:2)
  Eustachio (D:4)
  A black bear (D:4)
  A necrophage (D:5)
  A sky beast (D:5)
  4 centaurs
  A bullfrog (D:6)
  A wyvern zombie (D:6)
  2 crimson imps (D:6)
  A bullfrog zombie (D:5)
  2 jellies (D:5)
  An orc priest (D:3)
  A bullfrog skeleton (D:4)
  A hound (D:6)
  A centaur skeleton (D:4)
  4 orc wizards (D:4)
  2 worker ants
  4 big kobold zombies (Ossuary)
  7 mummies
  7 adders
  A shadow imp (D:5)
  An ooze (D:3)
  An adder skeleton (D:4)
  2 worms
  3 leopard geckos
  16 orcs
  6 giant cockroaches
  5 goblins
  6 hobgoblins
  2 quokkas
  4 bats
  5 frilled lizards
  A hobgoblin zombie (Ossuary)
  A jackal skeleton (D:5)
  7 kobolds
  A kobold zombie (D:6)
  An orc zombie (D:6)
  5 rats
  A fungus (D:6)
114 creatures vanquished.

Vanquished Creatures (others)
  An ufetubus (Abyss:1)
  A bush (D:5)
2 creatures vanquished.

Grand Total: 116 creatures vanquished

Notes
Turn   | Place    | Note
-------+----------+-------------------------------------------
     0 | D:1      | ninurtach the Minotaur Fighter began the quest for the Orb.
     0 | D:1      | Reached XP level 1. HP: 19/19 MP: 0/0
   123 | D:1      | Reached skill level 3 in Axes
   311 | D:1      | Reached XP level 2. HP: 23/26 MP: 1/1
   869 | D:2      | Reached skill level 4 in Axes
   869 | D:2      | Reached XP level 3. HP: 26/31 MP: 2/2
  1177 | D:2      | Noticed Sigmund
  1182 | D:2      | Killed Sigmund
  1182 | D:2      | Reached skill level 6 in Axes
  1182 | D:2      | Reached XP level 4. HP: 39/39 MP: 3/3
  1182 | D:2      | Reached XP level 5. HP: 45/45 MP: 4/4
  1356 | D:3      | Reached skill level 7 in Axes
  1687 | D:3      | Reached XP level 6. HP: 50/51 MP: 5/5
  2122 | D:3      | Found a white marble altar of Elyvilon.
  2122 | D:3      | Found a runed door.
  2122 | D:3      | Noticed an angel
  2340 | D:3      | Found a shattered altar of Ashenzari.
  2341 | D:3      | Found a hazy altar of Hepliaklqana.
  2838 | D:4      | Reached skill level 8 in Axes
  3093 | D:4      | Found an iron altar of Okawaru.
  3107 | D:4      | Became a worshipper of Warmaster Okawaru
  3423 | D:4      | Found a shimmering altar of Xom.
  3437 | D:4      | Reached skill level 9 in Axes
  3522 | D:4      | Reached XP level 7. HP: 43/57 MP: 6/6
  3715 | D:4      | Noticed Eustachio
  3776 | D:4      | Killed Eustachio
  3776 | D:4      | Reached * piety under Okawaru
  3776 | D:4      | Reached skill level 10 in Axes
  4171 | D:5      | Entered Level 5 of the Dungeon
  4304 | D:5      | Reached skill level 1 in Dodging
  4535 | D:5      | Reached XP level 8. HP: 33/67 MP: 7/7
  4831 | D:5      | Reached skill level 5 in Fighting
  4831 | D:5      | Reached skill level 5 in Armour
  5019 | D:6      | Found a staircase to the Ecumenical Temple.
  5044 | D:6      | Found a sand-covered staircase.
  5050 | D:6      | Reached ** piety under Okawaru
  5054 | Ossuary  | Entered an ossuary
  5576 | D:6      | Found a runed door.
  5577 | D:6      | Got a crystal mace
  5579 | D:6      | Identified the cursed +0 mace of Subterfuge {freeze, MP+9} (You found it on level 6 of the Dungeon)
  5584 | D:6      | Noticed Crazy Yiuf
  5588 | D:6      | Cast into level 1 of the Abyss (Crazy Yiuf)
  5650 | Abyss:1  | Noticed a revenant
  5656 | Abyss:1  | Noticed a spectral shadow dragon
  5657 | Abyss:1  | Noticed a spectral shock serpent
  5658 | Abyss:1  | Noticed a spectral stone giant
  5665 | Abyss:1  | Noticed a spectral ice dragon
  5675 | Abyss:1  | Noticed a worldbinder
  5681 | Abyss:1  | Noticed a spectral quicksilver dragon
  5703 | Abyss:1  | Killed a worldbinder
  5703 | Abyss:1  | Reached *** piety under Okawaru
  5708 | Abyss:1  | Got a scorched marble ring
  5718 | Abyss:1  | Noticed a raiju
  5721 | Abyss:1  | Killed from afar by a raiju

Vault maps used:
D:1:      eino_arrival_cavern_e
D:2:      minmay_tetromino_s2, uniq_sigmund
D:3:      nicolae_overflow_hidden_temple, lemuel_angel_altar
D:4:      black_bear_nest_2, kennysheep_little_box, first_ration,
          okawaru_trees_2, uniq_eustachio
D:5:      kb_lookout_dungeons_type
D:6:      minmay_temple_entry_overgrown, nicolae_ossuary_entry_giza,
          serial_glass, glass_columns_b, glass_columns_b, glass_columns_b,
          glass_columns_c, glass_columns_c, glass_columns_a,
          uniq_crazy_yiuf_cottage
Ossuary:  ossuary_the_hunt_dpeg

Skill      XL: |  1  2  3  4  5  6  7  8 |
---------------+-------------------------+-----
Axes           | 3 4 6 7 9 10 | 10.2
Dodging        | 2 4 |  4.6
Fighting       | 4 6 |  6.8
Armour         | 4 6 |  6.4
Shields        | |  3.6

Action                   |  1- 3 |  4- 6 |  7- 9 || total
-------------------------+-------+-------+-------++-------
Melee: War axe           |    42 |   131 |   163 ||   336
       Headbutt          |     5 |    23 |    33 ||    61
       Mace              |       |       |     8 ||     8
  Use: Potion            |     1 |       |     4 ||     5
       Scroll            |       |       |    11 ||    11
  Eat: Chunk             |     1 |     7 |     4 ||    12
       Ration            |       |       |     1 ||     1
Armor: Scale mail        |    14 |    66 |   109 ||   189
Dodge: Dodged            |    13 |    42 |    79 ||   134
Block: Shield            |    26 |    58 |    34 ||   118
       Buckler           |       |       |    23 ||    23

Table legend:
 A = Spawn XP
 B = Non-spawn XP
 C = Spawn XP percentage of total XP
 D = Spawn monster count
 E = Non-spawn monster count
 F = Spawn count percentage of total count
 G = Total turns spent on level
                    A         B        C        D         E        F      G
               +---------+---------+-------+---------+---------+-------+---------
         Total |     137 |    2510 |   5.2 |       2 |     112 |   1.8 |  5721
               +---------+---------+-------+---------+---------+-------+---------
           D:1 |       0 |      13 |   0.0 |       0 |       8 |   0.0 |   475
           D:2 |       0 |     241 |   0.0 |       0 |      12 |   0.0 |   836
           D:3 |       0 |     180 |   0.0 |       0 |      35 |   0.0 |  1494
           D:4 |       0 |     633 |   0.0 |       0 |      22 |   0.0 |  1366
           D:5 |       0 |     634 |   0.0 |       0 |      12 |   0.0 |   821
           D:6 |       0 |     595 |   0.0 |       0 |      12 |   0.0 |   417
       Abyss:1 |     137 |       0 | 100.0 |       2 |       0 | 100.0 |   133
       Ossuary |       0 |     214 |   0.0 |       0 |      11 |   0.0 |   179
               +---------+---------+-------+---------+---------+-------+---------
